 Dungeon Crawl Stone Soup version 0.25.1-2-g60ff931df9 (webtiles) character file.

Game seed: 2180751327375493364

961 hawla the Slasher (level 7, -6/62 HPs)
             Began as a Minotaur Fighter on Oct 23, 2020.
             Killed from afar by an orc wizard (9 damage)
             ... with a magic dart
             ... on level 5 of the Dungeon.
             The game lasted 00:12:43 (5911 turns).

hawla the Slasher (Minotaur Fighter)                Turns: 5911, Time: 00:12:44

Health: -6/62      AC:  4    Str: 25    XL:     7   Next: 92%
Magic:  6/6        EV: 13    Int:  5    God:
Gold:   338        SH:  0    Dex:  9    Spells: 6/6 levels left

rFire    . . .     SeeInvis .   a - +1 long sword
rCold    . . .     Gourm    .   (no shield)
rNeg     . . .     Faith    .   n - +0 leather armour
rPois    .         Spirit   .   (helmet restricted)
rElec    .         Reflect  .   (no cloak)
rCorr    .         Harm     .   c - +0 pair of gloves
MR       .....                  (no boots)
Stlth    ++........             v - amulet of magic regeneration
HPRegen  0.20/turn              (no ring)
MPRegen  0.35/turn              (no ring)

@: no status effects
A: retaliatory headbutt, horns 2, blink, strong 1
a: Blink


You were on level 5 of the Dungeon.
You were not hungry.

You visited 1 branch of the dungeon, and saw 5 of its levels.
You also visited: Sewer.

You collected 338 gold pieces.

Inventory:

Hand Weapons
 a - a +1 long sword (weapon)
Missiles
 e - 3 silver javelins
 h - 19 poisoned darts (quivered)
Armour
 b - a +0 scale mail
 c - a +0 pair of gloves (worn)
 i - a +0 ring mail
 k - a +0 chain mail
 n - a +0 leather armour (worn)
Jewellery
 v - an amulet of magic regeneration (around neck)
Wands
 t - a wand of random effects (23)
Scrolls
 d - 2 scrolls of remove curse
 m - 2 scrolls of identify
 o - 2 scrolls of magic mapping
 p - 2 scrolls of fog
 r - a scroll of teleportation
Potions
 g - 3 potions of flight
 l - 3 potions of invisibility
 q - a potion of stabbing
 s - a potion of heal wounds
 u - a potion of resistance
Comestibles
 f - 13 rations
 j - 11 chunks of flesh


   Skills:
 + Level 5.9 Fighting
 + Level 7.0 Long Blades
 + Level 1.0 Throwing
 + Level 4.1 Armour
 * Level 5.0 Dodging
 - Level 2.4 Stealth
   Level 3.6 Shields


You had 6 spell levels left.
You didn't know any spells.
Your spell library was empty.

Dungeon Overview and Level Annotations

Branches:
Dungeon (5/15)              Sewer (visited)
 Temple: D:4-7

Altars:


Innate Abilities, Weirdness & Mutations

You reflexively headbutt those who attack you in melee.
You have a pair of horns on your head.
You can translocate small distances at will.
Your muscles are strong. (Str +2)


Message History

You are too injured to fight recklessly!
You are too injured to fight recklessly!
You are too injured to fight recklessly!
You closely miss the orc wizard.
The orc wizard hits you with a +0 dagger.
The orc priest mumbles some strange prayers to Beogh against you.
Beogh smites you!
* * * LOW HITPOINT WARNING * * *
Okay, then.
You fail to use your ability.
The orc wizard gestures at you while chanting.
The magic dart hits you.
* * * LOW HITPOINT WARNING * * *
You blink.
You feel slightly more hungry.
The orc wizard points at you and mumbles some strange words.
The puff of frost hits you.
* * * LOW HITPOINT WARNING * * *
The orc wizard casts a spell at you. The magic dart hits you!
You die...

...... #.#..######..# ......
####.#..#........ ......
.........รท# #.# ###...
###....### #.# .. ###..###.##.#
. ##......)##.# .
#####....######.# ...
########......#.######.####o....
................@......oo..o....
#####....###.#########.####.....
## ##..# #.# ... ###..# #..##
#.# . ....# #.## #.#
##########.#### #.#
####..........# ...
..............# ...
####.............


You could see an orc wizard.

Vanquished Creatures
  A sky beast (D:4)
  A phantom (D:4)
  An ogre (D:4)
  An ice beast (D:2)
  A howler monkey (D:4)
  A crimson imp (D:5)
  2 orc priests (D:3)
  Jessica (D:2)
  Natasha (thrice) (D:3)
  An iguana (D:4)
  2 worker ants (D:4)
  12 adders
  6 oozes
  An adder zombie (D:3)
  5 worms
  3 dart slugs (D:1)
  5 leopard geckos
  7 orcs
  3 ball pythons
  13 bats
  5 giant cockroaches
  12 goblins
  10 hobgoblins
  12 jackals
  13 kobolds
  A quokka (D:5)
  11 frilled lizards
  A quokka zombie (D:3)
  8 rats
143 creatures vanquished.

Notes
Turn   | Place    | Note
-------+----------+-------------------------------------------
     0 | D:1      | hawla the Minotaur Fighter began the quest for the Orb.
     0 | D:1      | Reached XP level 1. HP: 19/19 MP: 0/0
   106 | D:1      | HP: 1/20 [bat (1)]
   108 | D:1      | Reached skill level 1 in Dodging
   127 | D:1      | Reached XP level 2. HP: 4/27 MP: 1/1
   703 | D:1      | Reached XP level 3. HP: 33/33 MP: 2/2
   957 | D:1      | Reached skill level 3 in Long Blades
  1979 | D:2      | Reached XP level 4. HP: 15/41 MP: 3/3
  2214 | D:2      | Noticed an ice beast
  2222 | D:2      | Killed an ice beast
  2222 | D:2      | Reached skill level 4 in Long Blades
  2222 | D:2      | Reached XP level 5. HP: 15/47 MP: 4/4
  2686 | D:2      | Noticed Jessica
  2689 | D:2      | Killed Jessica
  2902 | D:3      | Reached skill level 1 in Stealth
  3062 | D:3      | Reached skill level 5 in Fighting
  3222 | D:3      | Reached XP level 6. HP: 54/56 MP: 5/5
  3226 | D:3      | Reached skill level 5 in Long Blades
  3673 | D:3      | Noticed Natasha
  3677 | D:3      | Killed Natasha
  4128 | D:3      | Noticed Natasha
  4146 | D:3      | Killed Natasha
  4185 | D:3      | Noticed Natasha
  4191 | D:3      | Killed Natasha
  4244 | D:4      | Reached XP level 7. HP: 34/61 MP: 6/6
  4246 | D:4      | HP: 3/61 [iguana (12)]
  4279 | D:4      | Reached skill level 6 in Long Blades
  4283 | D:4      | Found a glowing drain.
  4346 | Sewer    | Entered a sewer
  4348 | Sewer    | Gained mutation: You can translocate small distances at
                  | will. [potion of mutation]
  4348 | Sewer    | Gained mutation: Your muscles are strong. (Str +2) [potion
                  | of mutation]
  4709 | Sewer    | Reached skill level 1 in Throwing
  5515 | D:5      | Entered Level 5 of the Dungeon
  5757 | D:5      | Reached skill level 7 in Long Blades
  5757 | D:5      | Reached skill level 5 in Dodging
  5910 | D:5      | HP: 3/62 [orc wizard/puff of frost (6)]
  5911 | D:5      | Killed from afar by an orc wizard

Illustrated notes

Levels and vault maps discovered:
D:1:      sevenhm_arrival_forest_fort_large_2, layout_loops_ring, st_stairs_10,
          chequers_hall_statues_corner_a, minmay_unequal
D:2:      layout_loops_corners, uniq_jessica
D:3:      layout_basic, uniq_natasha
D:4:      layout_rooms, first_ration, gup_sewer_entry_glass
D:5:      layout_rooms, chequers_temple_overflow_statue_of_worship

Skill      XL: |  1  2  3  4  5  6  7 |
---------------+----------------------+-----
Dodging        | 1 2 3 5 |  5.0
Fighting       | 4 5 |  5.9
Armour         | 4 |  4.1
Long Blades    | 3 4 5 7 |  7.0
Stealth        | 1 2 |  2.4
Throwing       | 1 |  1.0
Shields        | |  3.6

Action                   |  1- 3 |  4- 6 |  7- 9 || total
-------------------------+-------+-------+-------++-------
Melee: Long sword        |    77 |    86 |   117 ||   280
       Headbutt          |    18 |    18 |    14 ||    50
Throw: Javelin           |       |     5 |       ||     5
       Dart              |       |     4 |       ||     4
 Abil: Blink             |       |       |     4 ||     4
  Use: Potion            |     2 |     1 |     7 ||    10
       Scroll            |     2 |     4 |     4 ||    10
 Stab: Sleeping          |     1 |     2 |       ||     3
       Invisible         |       |       |     1 ||     1
  Eat: Chunk             |     3 |     7 |     7 ||    17
Armor: Robe              |       |    12 |    22 ||    34
       Leather armour    |       |       |     6 ||     6
Dodge: Dodged            |    51 |    51 |    88 ||   190
       Rpst.: Long sword |    16 |    18 |    17 ||    51
